MWL (24 & UNDER)
ERIE JAXX @ LITTLE ROCK LEMMIWINKS
04/23/2029
 
TOP OF THE 1ST
Erie Jaxx batting - Pitching for Little Rock Lemmiwinks : RHP Dan Catron
Pitching: RHP Dan Catron
Batting: RHB Ramón Maldonado 0-0: Called Strike
0-1: Foul Ball, location: 2F
0-2: Foul Ball, location: 2F
0-2: Foul Ball, location: 2F
0-2: Foul Ball, location: 2F
0-2: Ball
1-2: Strikes out looking
Batting: RHB Shane Marshall 0-0: Called Strike
0-1: Called Strike
0-2: Fly out, F9 (Flyball, 9D)
Batting: SHB José Durango 0-0: Ball
1-0: Ball
2-0: Ball
3-0: Called Strike
3-1: Called Strike
3-2: Base on Balls
Batting: RHB Miguel Sánchez 0-0: Swinging Strike
0-1: Ball
1-1: Called Strike
1-2: Foul Ball, location: 2F
1-2: Strikes out looking
Top of the 1st over - 0 runs, 0 hits, 0 errors, 1 left on base; Erie 0 - Little Rock 0
BOTTOM OF THE 1ST
Little Rock Lemmiwinks batting - Pitching for Erie Jaxx : LHP Alfredo García
Pitching: LHP Alfredo García
Batting: LHB Pedro Escobar 0-0: Ball
1-0: SINGLE (Flyball, 9LS)
Batting: LHB Lorenzo Féliz 0-0: Grounds into double play, 6-4-3 (Groundball, 6)
Batting: RHB John Robertson 0-0: Called Strike
0-1: Called Strike
0-2: Ball
1-2: Ball
2-2: Strikes out swinging
Bottom of the 1st over - 0 runs, 1 hit, 0 errors, 0 left on base; Erie 0 - Little Rock 0
TOP OF THE 2ND
Erie Jaxx batting - Pitching for Little Rock Lemmiwinks : RHP Dan Catron
Batting: RHB William Wilson 0-0: Ground out 5-3 (Groundball, 56S)
Now at 3B: Ernesto Villa
Batting: RHB Steve Clifton 0-0: Ball
1-0: Ground out 5-3 (Groundball, 56)
Batting: RHB Ed Keesee 0-0: Ball
1-0: Ball
2-0: Swinging Strike
2-1: SINGLE (Groundball, 34S) (infield hit)
Batting: RHB Andrés Silva 0-0: Ball
1-0: SINGLE (Flyball, 89S)
Ed Keesee to second
Runner from 2nd tries for 3rd, SAFE, throw made to third
Batting: RHB Alfredo Ramírez 0-0: Ball
1-0: Ball
2-0: Called Strike
2-1: Swinging Strike
2-2: Ball
3-2: SINGLE (Groundball, 4M) (infield hit)
Ed Keesee scores
Andrés Silva to second
Batting: RHB Ramón Maldonado 0-0: Called Strike
0-1: Fly out, F8 (Flyball, 8RM)
Top of the 2nd over - 1 run, 3 hits, 0 errors, 2 left on base; Erie 1 - Little Rock 0
BOTTOM OF THE 2ND
Little Rock Lemmiwinks batting - Pitching for Erie Jaxx : LHP Alfredo García
Batting: LHB Stanley Smith 0-0: Ball
1-0: Ball
2-0: Ball
3-0: Ground out 6-3 (Groundball, 6)
Batting: RHB Roberto Valdéz 0-0: SINGLE (Flyball, 89S)
Batting: RHB Palmer Frazier 0-0: Ball
1-0: SINGLE (Flyball, 9S)
Roberto Valdéz to second
Runner from 2nd tries for 3rd, SAFE, no throw
Batting: RHB Ernesto Villa 0-0: Ball
1-0: Called Strike
1-1: Grounds into double play, 5-4-3 (Groundball, 5L)
Bottom of the 2nd over - 0 runs, 2 hits, 0 errors, 1 left on base; Erie 1 - Little Rock 0
TOP OF THE 3RD
Erie Jaxx batting - Pitching for Little Rock Lemmiwinks : RHP Dan Catron
Batting: RHB Shane Marshall 0-0: Called Strike
0-1: DOUBLE (Flyball, 8RD)
Batting: SHB José Durango 0-0: Ball
1-0: Called Strike
1-1: Ball
2-1: Fly out, F9 (Flyball, 9S)
Batting: RHB Miguel Sánchez 0-0: Fly out, F2 (Popup, 2LF)
Batting: RHB William Wilson 0-0: Ball
1-0: Ball
2-0: Foul Ball, location: 2F
2-1: Swinging Strike
2-2: Foul Ball, location: 2F
2-2: Foul Ball, location: 2F
2-2: Ball
3-2: Base on Balls
Batting: RHB Steve Clifton 0-0: Foul Ball, location: 2F
0-1: Ball
1-1: Ball
2-1: Called Strike
2-2: Foul Ball, location: 2F
2-2: Ball
3-2: Base on Balls
Shane Marshall to third
William Wilson to second
Batting: RHB Ed Keesee 0-0: Called Strike
0-1: Swinging Strike
0-2: Ball
1-2: SINGLE (Groundball, 56D)
Shane Marshall scores
William Wilson to third
Steve Clifton to second
Runner from 3rd tries for Home, SAFE, throw made home
Batting: RHB Andrés Silva 0-0: Foul Ball, location: 2F
0-1: Foul Ball, location: 2F
0-2: Ball
1-2: Ball
2-2: Strikes out swinging
Top of the 3rd over - 2 runs, 2 hits, 0 errors, 2 left on base; Erie 3 - Little Rock 0
BOTTOM OF THE 3RD
Little Rock Lemmiwinks batting - Pitching for Erie Jaxx : LHP Alfredo García
Batting: LHB Manny Robles 0-0: Ground out 4-3 (Groundball, 4S)
Batting: RHB Norberto Gallardo 0-0: Ball
1-0: Swinging Strike
1-1: Foul Ball, location: 2F
1-2: Ground out 5-3 (Groundball, 5)
Batting: LHB Pedro Escobar 0-0: Ball
1-0: Fly out, F5 (Popup, 15)
Bottom of the 3rd over - 0 runs, 0 hits, 0 errors, 0 left on base; Erie 3 - Little Rock 0
TOP OF THE 4TH
Erie Jaxx batting - Pitching for Little Rock Lemmiwinks : RHP Dan Catron
Batting: RHB Alfredo Ramírez 0-0: Ball
1-0: Ground out 5-3 (Groundball, 25)
Batting: RHB Ramón Maldonado 0-0: Called Strike
0-1: Ball
1-1: Foul Ball, location: 2F
1-2: Strikes out swinging
Batting: RHB Shane Marshall 0-0: Foul Ball, location: 2F
0-1: Ball
1-1: Called Strike
1-2: Ball
2-2: Strikes out swinging
Top of the 4th over - 0 runs, 0 hits, 0 errors, 0 left on base; Erie 3 - Little Rock 0
BOTTOM OF THE 4TH
Little Rock Lemmiwinks batting - Pitching for Erie Jaxx : LHP Alfredo García
Batting: LHB Lorenzo Féliz 0-0: Called Strike
0-1: Ball
1-1: Foul Ball, location: 2F
1-2: Foul Ball, location: 2F
1-2: Foul Ball, location: 2F
1-2: Ground out 3-1 (Groundball, 34S)
Batting: RHB John Robertson 0-0: Ball
1-0: Fly out, F9 (Flyball, 89M)
Batting: LHB Stanley Smith 0-0: Swinging Strike
0-1: Fly out, F9 (Line Drive, 9)
Bottom of the 4th over - 0 runs, 0 hits, 0 errors, 0 left on base; Erie 3 - Little Rock 0
TOP OF THE 5TH
Erie Jaxx batting - Pitching for Little Rock Lemmiwinks : RHP Dan Catron
Batting: SHB José Durango 0-0: Foul Ball, location: 2F
0-1: Ground out U3 (Groundball, 3)
Batting: RHB Miguel Sánchez 0-0: Called Strike
0-1: Foul Ball, location: 2F
0-2: Ball
1-2: Strikes out looking
Batting: RHB William Wilson 0-0: Foul Ball, location: 2F
0-1: Ball
1-1: Foul Ball, location: 2F
1-2: Fly out, F7 (Flyball, 78M)
Top of the 5th over - 0 runs, 0 hits, 0 errors, 0 left on base; Erie 3 - Little Rock 0
BOTTOM OF THE 5TH
Little Rock Lemmiwinks batting - Pitching for Erie Jaxx : LHP Alfredo García
Batting: RHB Roberto Valdéz 0-0: Foul Ball, location: 2F
0-1: Called Strike
0-2: Ball
1-2: Foul Ball, location: 2F
1-2: Ball
2-2: Strikes out swinging
Batting: RHB Palmer Frazier 0-0: Foul Ball, location: 2F
0-1: Ground out 3-1 (Groundball, 34S)
Batting: RHB Ernesto Villa 0-0: Ball
1-0: Ball
2-0: Called Strike
2-1: Ground out 6-3 (Groundball, 6)
Bottom of the 5th over - 0 runs, 0 hits, 0 errors, 0 left on base; Erie 3 - Little Rock 0
TOP OF THE 6TH
Erie Jaxx batting - Pitching for Little Rock Lemmiwinks : RHP Dan Catron
Pitching: RHP Muneyaki Nakamura
Batting: RHB Steve Clifton 0-0: Called Strike
0-1: Ball
1-1: Fly out, F2 (Popup, 2LF)
Batting: RHB Ed Keesee 0-0: Foul Ball, location: 2F
0-1: Ball
1-1: Foul Ball, location: 2F
1-2: Ball
2-2: Ball
3-2: Foul Ball, location: 2F
3-2: SINGLE (Line Drive, 89S)
Batting: RHB Andrés Silva 0-0: Called Strike
0-1: Swinging Strike
0-2: Hit by Pitch
Ed Keesee to second
Batting: RHB Alfredo Ramírez 0-0: Foul Ball, location: 2F
0-1: Fly out, F9 (Line Drive, 9D)
Runner from 2nd tags up, SAFE at 3rd, no throw
Batting: RHB Ramón Maldonado 0-0: Foul Ball, location: 2F
0-1: Swinging Strike
0-2: Ball
1-2: Foul Ball, location: 2F
1-2: Ball
2-2: Ball
3-2: SINGLE (Flyball, 89M)
Ed Keesee scores
Andrés Silva to second
Andrés Silva to third
Batting: RHB Shane Marshall 0-0: Swinging Strike
0-1: Ball
1-1: Ball
2-1: Reached via error on a dropped throw, E1
Andrés Silva scores
Ramón Maldonado to second
Batting: SHB José Durango 0-0: Called Strike
0-1: Swinging Strike
0-2: Foul Ball, location: 2F
0-2: Strikes out swinging
Top of the 6th over - 2 runs, 2 hits, 1 error, 2 left on base; Erie 5 - Little Rock 0
BOTTOM OF THE 6TH
Little Rock Lemmiwinks batting - Pitching for Erie Jaxx : LHP Alfredo García
Batting: LHB Manny Robles 0-0: Ground out 6-3 (Groundball, 6)
Batting: RHB Norberto Gallardo 0-0: Foul Ball, location: 2F
0-1: Called Strike
0-2: Foul Ball, location: 2F
0-2: Foul Ball, location: 2F
0-2: Ball
1-2: Ball
2-2: Foul Ball, location: 2F
2-2: SINGLE (Line Drive, 89S)
Batting: LHB Pedro Escobar 0-0: Called Strike
Norberto Gallardo is caught stealing 2nd base
0-1: Foul Ball, location: 2F
0-2: Ball
1-2: Strikes out swinging
Bottom of the 6th over - 0 runs, 1 hit, 0 errors, 0 left on base; Erie 5 - Little Rock 0
TOP OF THE 7TH
Erie Jaxx batting - Pitching for Little Rock Lemmiwinks : RHP Muneyaki Nakamura
Batting: RHB Miguel Sánchez 0-0: Called Strike
0-1: Foul Ball, location: 2F
0-2: Strikes out swinging, 2-3 out at first.
Batting: RHB William Wilson 0-0: Ball
1-0: Fly out, F3 (Popup, 3)
Batting: RHB Steve Clifton 0-0: Called Strike
0-1: Ball
1-1: Foul Ball, location: 2F
1-2: Ground out 6-3 (Groundball, 6)
Top of the 7th over - 0 runs, 0 hits, 0 errors, 0 left on base; Erie 5 - Little Rock 0
BOTTOM OF THE 7TH
Little Rock Lemmiwinks batting - Pitching for Erie Jaxx : LHP Alfredo García
Batting: LHB Lorenzo Féliz 0-0: DOUBLE (Groundball, 5L)
Batting: RHB John Robertson 0-0: Ball
1-0: Foul Ball, location: 2F
1-1: Ball
2-1: Ball
3-1: Called Strike
3-2: Foul Ball, location: 2F
3-2: Foul Ball, location: 2F
3-2: Base on Balls
Batting: LHB Stanley Smith 0-0: Fielders Choice at 2nd, 3-6 (Groundball, 3)
Lorenzo Féliz to third
Batting: RHB Roberto Valdéz 0-0: Ground out 5-3 (Groundball, 5S)
Lorenzo Féliz scores
Stanley Smith to second
Batting: RHB Palmer Frazier 0-0: Ball
1-0: Ball
2-0: Foul Ball, location: 2F
2-1: Fly out, F4 (Popup, 23)
Bottom of the 7th over - 1 run, 1 hit, 0 errors, 1 left on base; Erie 5 - Little Rock 1
TOP OF THE 8TH
Erie Jaxx batting - Pitching for Little Rock Lemmiwinks : RHP Muneyaki Nakamura
Batting: RHB Ed Keesee 0-0: Foul Ball, location: 2F
0-1: Ball
1-1: Foul Ball, location: 2F
1-2: Ball
2-2: Foul Ball, location: 2F
2-2: Strikes out swinging
Batting: RHB Andrés Silva 0-0: Swinging Strike
0-1: Ball
1-1: Ball
2-1: Swinging Strike
2-2: Strikes out looking
Batting: RHB Alfredo Ramírez 0-0: Called Strike
0-1: Foul Ball, location: 2F
0-2: Ball
1-2: Ball
2-2: Foul Ball, location: 2F
2-2: Ground out 5-3 (Groundball, 5)
Top of the 8th over - 0 runs, 0 hits, 0 errors, 0 left on base; Erie 5 - Little Rock 1
BOTTOM OF THE 8TH
Little Rock Lemmiwinks batting - Pitching for Erie Jaxx : LHP Alfredo García
Pitching: RHP Robbie Hopps
Batting: RHB Ernesto Villa 0-0: Ball
1-0: Ball
2-0: Fly out, F7 (Flyball, 7S)
Batting: LHB Manny Robles 0-0: Ball
1-0: Ball
2-0: Swinging Strike
2-1: Swinging Strike
2-2: Strikes out looking
Batting: RHB Norberto Gallardo 0-0: Called Strike
0-1: Swinging Strike
0-2: Ball
1-2: Ball
2-2: Ball
3-2: Fly out, F7 (Flyball, 7S)
Bottom of the 8th over - 0 runs, 0 hits, 0 errors, 0 left on base; Erie 5 - Little Rock 1
TOP OF THE 9TH
Erie Jaxx batting - Pitching for Little Rock Lemmiwinks : RHP Muneyaki Nakamura
Batting: RHB Ramón Maldonado 0-0: Ball
1-0: Ball
2-0: Called Strike
2-1: Called Strike
2-2: Ground out 5-3 (Groundball, 56S)
Batting: RHB Shane Marshall 0-0: Ground out 4-3 (Groundball, 4S)
Batting: SHB José Durango 0-0: Ball
1-0: Foul Ball, location: 2F
1-1: Fly out, F9 (Flyball, 89M)
Top of the 9th over - 0 runs, 0 hits, 0 errors, 0 left on base; Erie 5 - Little Rock 1
BOTTOM OF THE 9TH
Little Rock Lemmiwinks batting - Pitching for Erie Jaxx : RHP Robbie Hopps
Pitching: RHP Ernest Elliott
Batting: LHB Pedro Escobar 0-0: Ball
1-0: Fly out, F9 (Flyball, 9S)
Batting: LHB Lorenzo Féliz 0-0: Swinging Strike
0-1: Swinging Strike
0-2: SINGLE (Flyball, 7LM)
Batting: RHB John Robertson 0-0: Foul Ball, location: 2F
0-1: Single, Error in OF, E8, batter to second base
Lorenzo Féliz to third
Batting: LHB Stanley Smith 0-0: Swinging Strike
0-1: Swinging Strike
0-2: Strikes out looking
Batting: RHB Roberto Valdéz 0-0: Ball
1-0: Fly out, F8 (Flyball, 8LD)
Bottom of the 9th over - 0 runs, 2 hits, 1 error, 2 left on base; Erie 5 - Little Rock 1
Saturday, December 16th, 2017 - OOTP Baseball 18.8 Build 76